 Dungeon Crawl Stone Soup version 0.17-a0-119-g2b06fc5 (webtiles) character file.

7004 Ngotmuk the Protected (level 11, -8/86 HPs)
             Began as a Human Fighter on Mar 20, 2015.
             Was a High Priest of Cheibriados.
             Killed from afar by an electric eel (12 damage)
             ... with a bolt of electricity
             ... on level 10 of the Dungeon.
             The game lasted 00:34:00 (10077 turns).

Ngotmuk the Protected (Human Fighter)              Turns: 10077, Time: 00:34:00

Health: -8/86      AC: 16    Str: 33    XL:     11   Next: 29%
Magic:  20/20      EV: 17    Int: 22    God:    Cheibriados [*****.]
Gold:   501        SH: 13    Dex: 23    Spells: 0 memorised, 10 levels left

rFire  + + .     SeeInvis .     G - +3 mace of Dawn {elec, Noisy +Fly rC+ rN+}
rCold  + + +     Clarity  .     u - +2 ring mail {MR+}
rNeg   + . .     SustAb   +     c - +0 shield (curse)
rPois  .         Gourm    .     y - +2 helmet
rElec  .         Spirit   .     B - +1 cloak
rCorr  .         Warding  .     r - +1 pair of gloves
rMut   .         Stasis   .     (no boots)
MR     +....                    (no amulet)
Stlth  +.........               f - ring of sustain abilities
                                D - ring of Pnorhebb {rF++ rC+++ MP+9 Dex-2}

@: very slow, somewhat resistant to hostile enchantments, very unstealthy
A: no striking features
a: Bend Time, Temporal Distortion, Slouch, Step From Time, Renounce Religion,
Evoke Flight


You were on level 10 of the Dungeon.
You worshipped Cheibriados.
Cheibriados was extremely pleased with you.
You were not hungry.

You visited 2 branches of the dungeon, and saw 11 of its levels.
You also visited: Bailey.

You collected 501 gold pieces.

Inventory:

Hand weapons
 G - the +3 mace of Dawn (weapon) {elec, Noisy +Fly rC+ rN+}
   (You found it on level 4 of the Dungeon)

   Occasionally, upon striking a foe, it will discharge some electrical energy
   and cause terrible harm.
   It protects you from cold.
   It protects you from negative energy.
   It lets you fly.
   It may make noises in combat.
Armour
 b - the +0 pair of boots of Fallacy {MR- Regen+ rCorr Str-5}
   (You found it in a bailey)

   It affects your strength (-5).
   It affects your resistance to hostile enchantments.
   It increases your rate of regeneration.
   It protects you from acid and corrosion.
 c - a cursed +0 shield (worn)
 r - a +1 pair of gloves (worn)
 u - a +2 ring mail of magic resistance (worn)
 y - a +2 helmet (worn)
 B - a +1 cloak (worn)
Jewellery
 a - an uncursed ring of stealth
 f - a ring of sustain abilities (right hand)
 D - the ring of Pnorhebb (left hand) {rF++ rC+++ MP+9 Dex-2}
   (You found it on level 5 of the Dungeon)

   [ring of magical power]

   It affects your dexterity (-2).
   It greatly protects you from fire.
   It renders you almost immune to cold.
   It affects your magic capacity (+9).
Magical devices
 w - a wand of lightning (5)
 F - a wand of paralysis (23)
Scrolls
 g - 5 scrolls of teleportation
 i - a scroll of enchant weapon
 m - a scroll of silence {unknown}
 n - 2 scrolls of remove curse
 t - 2 scrolls of recharging
 x - a scroll of magic mapping
Potions
 e - a potion of might
 j - 2 potions of cancellation
 p - a potion of curing
 q - 2 potions of ambrosia {unknown}
 s - a potion of brilliance {unknown}
 v - a potion of cure mutation
 z - a potion of magic {unknown}
Books
 h - a book of Summonings

   Spells                             Type                      Level
   a - Abjuration                     Summoning                    3
   b - Recall                         Summoning/Translocation      3
   c - Shadow Creatures               Summoning                    5
   d - Summon Demon                   Summoning                    5
   e - Summon Forest                  Summoning/Translocation      5
   f - Monstrous Menagerie            Summoning                    6
 A - a book of Alchemy

   Spells                             Type                      Level
   a - Sublimation of Blood           Necromancy                   2
   b - Alistair's Intoxication        Transmutation/Poison         4
   c - Condensation Shield            Ice                          4
   d - Petrify                        Transmutation/Earth          4
   e - Ignite Poison                  Fire/Transmutation           5
   f - Irradiate                      Conjuration/Transmutation    5
Comestibles
 d - 8 bread rations
 k - 4 beef jerkies
 l - 7 slices of pizza
 o - a royal jelly
 C - 4 fruits


   Skills:
 + Level 8.1 Fighting
 + Level 7.6 Maces & Flails
 + Level 8.2 Armour
 + Level 7.4 Dodging
 + Level 8.2 Shields


You had 10 spell levels left.
You didn't know any spells.

Dungeon Overview and Level Annotations

Branches:
Dungeon (10/15)            Temple (1/1) D:4            Lair (0/8) D:9
    Orc: D:9-12

Altars:
Ashenzari
Cheibriados
Dithmenos
Elyvilon
Fedhas
Gozag
Kikubaaqudgha
Makhleb
Nemelex Xobeh
Okawaru
Qazlal
Ru
Sif Muna
Trog
Vehumet
Xom
Yredelemnul
Zin
The Shining One

Shops:
D:9 ?*


Message History

* * * LOW HITPOINT WARNING * * *
The bolt of electricity hits you!
* * * LOW HITPOINT WARNING * * *
The electric eel shoots out a bolt of lightning at you!
The bolt of electricity hits you!
You feel better.
The electric eel shoots out a bolt of lightning at you!
The bolt of electricity hits you!
* * * LOW HITPOINT WARNING * * *
You feel better.
The electric eel shoots out a bolt of lightning at you!
The bolt of electricity hits you!
* * * LOW HITPOINT WARNING * * *
You feel better.
The electric eel shoots out a bolt of lightning at you!
The bolt of electricity hits you!
* * * LOW HITPOINT WARNING * * *
The electric eel shoots out a bolt of lightning at you!
The bolt of electricity misses you. The bolt of electricity hits you!
You die...

≈≈≈P≈≈≈≈≈♣♣.. ... #.#.###
P≈P≈≈≈P≈≈≈≈ #.# #....#.
≈♣≈♣≈≈≈≈PP♣♣# #.# #......
♣≈PP≈≈≈≈≈≈≈≈# #.# .......
♣≈≈≈≈≈≈;≈≈≈P♣# #.# ##......
≈≈≈≈≈≈≈≈≈≈P≈# #.# #....#.
≈≈≈≈≈≈≈≈≈≈≈♣# #.#######
##.#.##. ≈≈≈≈≈≈≈≈≈≈♣≈#
#........$........
≈≈≈≈≈≈≈P♣♣;###@.#######.....##.
≈≈≈≈≈≈P≈♣;............... #.
≈≈≈≈≈P≈P♣###..#######.... #.
≈≈≈≈♣≈≈ #..).......... ...
≈≈≈P≈≈ ##.#########.#.... ≈≈P≈P
#.# #.#.### ≈ ≈ ≈P≈≈≈ #.# #.#.#
≈≈♣P P≈≈≈♣♣ #.# #.#.# P≈≈≈♣≈≈
### #.#########...#


You could see an electric eel.

Vanquished Creatures
  A hill giant (D:10)
  A centaur zombie (D:10)
  A troll (D:9)
  Grinder (D:5)
  A yak (D:7)
  A human (D:7)
  The ghost of Ngotmuk the Cudgeler, an average HuFi (D:4)
  4 wandering mushrooms
  3 hippogriffs
  A water moccasin (D:10)
  3 black bears (D:9)
  An ice beast (D:5)
  2 phantoms
  5 orc warriors
  6 centaurs
  4 ogres
  4 giant frogs
  3 scorpions
  2 water moccasin skeletons
  5 goliath beetles
  5 crimson imps
  2 giant frog zombies
  6 hounds
  Crazy Yiuf (D:3)
  A gnoll shaman (D:5)
  2 centaur skeletons
  A jelly (D:9)
  2 giant frog skeletons
  3 orc priests
  4 orc wizards
  Natasha (D:3)
  An iguana (D:10)
  3 sheep (D:7)
  10 worker ants
  Ijyb (D:3)
  Jessica (D:2)
  A mummy (D:9)
  16 gnolls
  Robin (D:2)
  8 adders
  2 shadow imps
  2 worms
  A giant mite (D:3)
  An adder zombie (D:7)
  2 adder skeletons (D:6)
  7 giant geckos
  3 oozes
  40 orcs
  2 ball pythons
  17 bats
  5 giant cockroaches
  22 goblins
  15 hobgoblins
  18 jackals
  4 quokkas
  5 giant newts
  14 kobolds
  A quokka zombie (D:6)
  21 rats
  A fungus (D:9)
303 creatures vanquished.

Vanquished Creatures (others)
  A fungus (D:9)
1 creature vanquished.

Grand Total: 304 creatures vanquished

Notes
Turn   | Place    | Note
--------------------------------------------------------------
     0 | D:1      | Ngotmuk, the Human Fighter, began the quest for the Orb.
     0 | D:1      | Reached XP level 1. HP: 18/18 MP: 1/1
   142 | D:1      | Reached XP level 2. HP: 20/24 MP: 2/2
   356 | D:1      | Reached XP level 3. HP: 29/29 MP: 3/3
   624 | D:2      | Reached skill level 1 in Dodging
   627 | D:2      | Reached XP level 4. HP: 16/35 MP: 4/4
   920 | D:2      | Noticed Jessica
   933 | D:2      | Killed Jessica
   975 | D:2      | Reached XP level 5. HP: 31/41 MP: 5/5
  1076 | D:2      | Noticed Robin
  1111 | D:2      | Killed Robin
  1385 | D:2      | Reached skill level 4 in Armour
  1849 | D:3      | Reached XP level 6. HP: 46/48 MP: 6/6
  1888 | D:3      | Noticed Ijyb
  1894 | D:3      | Killed Ijyb
  1962 | D:3      | Found a deep blue altar of Sif Muna.
  2355 | D:3      | Noticed Natasha
  2363 | D:3      | Killed Natasha
  2840 | D:3      | Noticed Crazy Yiuf
  2851 | D:3      | Killed Crazy Yiuf
  3088 | D:4      | Reached XP level 7. HP: 54/54 MP: 7/7
  3288 | D:4      | Found a blossoming altar of Fedhas.
  3442 | D:4      | Noticed Ngotmuk's ghost (average HuFi)
  3457 | D:4      | Killed Ngotmuk's ghost
  3684 | D:4      | Found a staircase to the Ecumenical Temple.
  3702 | Temple   | Entered the Ecumenical Temple
  3715 | Temple   | Became a worshipper of Cheibriados the Contemplative
  3879 | D:4      | Got a crude mace
  3880 | D:4      | Identified the cursed +3 mace of Dawn {elec, Noisy +Fly rC+ rN+} (You found it on level 4 of the Dungeon)
  3913 | D:4      | Reached XP level 8. HP: 61/61 MP: 8/8
  4089 | D:5      | Entered Level 5 of the Dungeon
  4115 | D:5      | Found a shattered altar of Ashenzari.
  4119 | D:5      | Reached skill level 5 in Armour
  4140 | D:5      | Reached skill level 5 in Fighting
  4140 | D:5      | Reached skill level 5 in Shields
  4141 | D:5      | Acquired Cheibriados' first power
  4305 | D:5      | Found a burning altar of Makhleb.
  4385 | D:5      | Got a scintillating marble ring
  4387 | D:5      | Identified the ring of Pnorhebb {rF++ rC+++ MP+9 Dex-2} (You found it on level 5 of the Dungeon)
  4517 | D:5      | Noticed Grinder
  4528 | D:5      | Paralysed by Grinder for 6 turns
  4541 | D:5      | Killed Grinder
  4541 | D:5      | Reached XP level 9. HP: 11/68 MP: 9/9
  4924 | D:5      | Reached skill level 5 in Maces & Flails
  5401 | D:6      | Found a glowing silver altar of Zin.
  5582 | D:6      | Reached skill level 6 in Armour
  6122 | D:6      | Reached skill level 5 in Dodging
  6488 | D:7      | Acquired Cheibriados' second power
  6555 | D:7      | Found an ancient bone altar of Kikubaaqudgha.
  6596 | D:7      | Found a flagged portal.
  6617 | Bailey   | Entered a bailey
  6887 | Bailey   | Noticed an orc knight
  7308 | Bailey   | Got a pair of polished boots
  7419 | Bailey   | Identified the cursed +0 pair of boots of Fallacy {MR- Regen+ rCorr Str-5} (You found it in a bailey)
  7809 | D:7      | Reached XP level 10. HP: 77/77 MP: 10/10
  7925 | D:7      | Acquired Cheibriados' third power
  8102 | D:7      | Found an iron altar of Okawaru.
  8103 | D:7      | Found a radiant altar of Vehumet.
  8453 | D:8      | Reached skill level 7 in Fighting
  8759 | D:9      | Found a bloodstained altar of Trog.
  8812 | D:9      | Acquired Cheibriados' fourth power
  9034 | D:9      | Found a staircase to the Lair.
  9104 | D:9      | Found Ecoaru's Magic Scroll Shoppe.
  9464 | D:9      | Found Zin's Purification Station.
  9467 | D:9      | Found a glowing silver altar of Zin.
  9563 | D:9      | Reached XP level 11. HP: 70/84 MP: 11/11
  9709 | D:10     | Entered Level 10 of the Dungeon
  9919 | D:10     | Reached skill level 8 in Armour
 10042 | D:10     | Noticed a hill giant
 10052 | D:10     | Killed a hill giant
 10071 | D:10     | HP: 3/86 [electric eel/bolt of electricity (7)]
 10076 | D:10     | HP: 4/86 [electric eel/bolt of electricity (7)]
 10077 | D:10     | Killed from afar by an electric eel

Action                   |  1- 3 |  4- 6 |  7- 9 | 10-12 || total
-------------------------+-------+-------+-------+-------++-------
Melee: Flail             |   108 |   260 |    59 |       ||   427
       Mace              |       |       |   253 |   206 ||   459
  Use: Scroll            |       |       |    11 |     7 ||    18
       Potion            |       |       |     2 |     4 ||     6
 Stab: Sleeping          |       |       |       |     1 ||     1
  Eat: Fruit             |       |     4 |     1 |     2 ||     7
       Beef jerky        |       |     1 |     2 |       ||     3
       Meat ration       |       |     1 |       |     1 ||     2
       Royal jelly       |       |       |     2 |       ||     2
       Pizza             |       |       |     1 |       ||     1
